 Dungeon Crawl Stone Soup version 0.22.1-2-g9c5b331 (webtiles) character file.

238 Golfball the Chopper (level 6, 0/37 HPs)
             Began as a Gargoyle Fighter on Nov 28, 2018.
             Was an Initiate of Qazlal.
             Slain by an orc priest
             ... wielding a +0 hand axe
              (1 damage)
             ... on level 4 of the Dungeon.
             The game lasted 00:07:11 (2921 turns).

Golfball the Chopper (Gargoyle Fighter)             Turns: 2921, Time: 00:07:12

Health: 0/37       AC: 11    Str: 22    XL:     6   Next: 7%
Magic:  6/6        EV:  7    Int:  8    God:    Qazlal [......]
Gold:   162        SH:  9    Dex:  9    Spells: 5/5 levels left

rFire    . . .     SeeInvis .   a - +0 war axe
rCold    . . .     Gourm    .   c - +0 shield
rNeg     + . .     Faith    .   b - +0 scale mail
rPois    ∞         Spirit   .   (no helmet)
rElec    +         Reflect  .   (no cloak)
rCorr    .         Harm     .   (no gloves)
MR       .....                  (no boots)
Stlth    ..........             (no amulet)
HPRegen  0.12/turn              p - ring of attention (curse)
MPRegen  0.10/turn              (no ring)

@: no status effects
A: negative energy resistance 1, electricity resistance, unbreathing,
petrification resistance, rot immunity, AC +4
a: Renounce Religion


You were on level 4 of the Dungeon.
You worshipped Qazlal.
Qazlal was noncommittal.
You were not hungry.

You visited 1 branch of the dungeon, and saw 4 of its levels.

You collected 162 gold pieces.

Inventory:

Hand Weapons
 a - a +0 war axe (weapon)
 w - a +0 flail
Missiles
 j - 80 stones (quivered)
 x - 4 tomahawks
Armour
 b - a +0 scale mail (worn)
 c - a +0 shield (worn)
Jewellery
 p - a cursed ring of attention (left hand)
 s - an uncursed amulet of regeneration {unknown}
Scrolls
 e - 5 scrolls of teleportation
 g - 2 scrolls of magic mapping
 h - a scroll of fog {unknown}
 k - a scroll of blinking {unknown}
 l - a scroll of enchant armour {unknown}
 o - a scroll of amnesia
 r - a scroll of identify {unknown}
 t - a scroll of immolation {unknown}
 y - a scroll of remove curse {unknown}
Potions
 d - 2 potions of might
 i - 2 potions of curing {unknown}
 m - a potion of degeneration {unknown}
 n - a potion of mutation {unknown}
 q - a potion of brilliance {unknown}
 u - a potion of heal wounds {unknown}
Comestibles
 f - 7 rations


   Skills:
 - Level 3.2 Fighting
 + Level 5.6 Axes
 - Level 3.2 Armour
 - Level 3.2 Shields


You had 5 spell levels left.
You didn't know any spells.
Your spell library was empty.

Dungeon Overview and Level Annotations

Branches:
Dungeon (4/15)
 Temple: D:4-7

Altars:
Qazlal
Uskayaw
Vehumet


Innate Abilities, Weirdness & Mutations

You are resistant to torment.
Your stone body is resilient. (AC +4)
You are immune to poison.
You resist negative energy. (rN+)
You are resistant to electric shocks. (rElec)
You can survive without breathing.
You are immune to petrification.
You are immune to rotting.


Message History

Pain shoots through your body!
* * * LOW HITPOINT WARNING * * *
You hit the orc priest.
The orc priest is moderately wounded.
You hit the orc wizard. You hit the orc.
You kill the orc!
Qazlal accepts your kill.
The orc wizard hits you but does no damage.
You block the orc priest's attack. The orc hits you but does no damage.
You block the orc wizard's attack.
You closely miss the orc priest.
The orc priest is moderately wounded.
You barely miss the orc. You barely miss the orc wizard.
The orc priest hits you but does no damage.
The orc hits you but does no damage.
The orc wizard mumbles some strange words.
The orc wizard flickers and vanishes!
Deactivating autopickup; reactivate with Ctrl-A.
The orc priest hits you with a hand axe.
You die...

. ..## #######. ...
.......♣ ... .$.... #..
#...# ..##..##...##
......o@....# ♣♣≈≈...P≈≈
......o{....# ♣≈≈P..≈.≈≈
..######...##♣♣≈≈≈≈...≈P
##########...##.♣♣≈≈..≈≈≈≈
.................≈♣≈≈...≈♣
..................♣♣≈..≈P
###..###.##..##...#♣≈...##
#..###'##..##...#♣♣.....
#...............#.......


You could see an orc priest and an orc.

Vanquished Creatures
  A crimson imp (D:3)
  An orc wizard (D:3)
  An iguana (D:4)
  4 gnolls (D:2)
  2 adders (D:2)
  2 oozes
  2 worms
  3 dart slugs (D:1)
  3 leopard geckos
  11 orcs
  4 giant cockroaches
  5 goblins
  7 hobgoblins
  7 jackals (D:2)
  A quokka (D:3)
  4 bats
  A frilled lizard (D:1)
  4 kobolds
63 creatures vanquished.

Notes
Turn   | Place    | Note
-------+----------+-------------------------------------------
     0 | D:1      | Golfball the Gargoyle Fighter began the quest for the Orb.
     0 | D:1      | Reached XP level 1. HP: 14/14 MP: 1/1
    93 | D:1      | Reached skill level 2 in Axes
   141 | D:1      | Reached XP level 2. HP: 17/19 MP: 2/2
   657 | D:1      | Reached skill level 3 in Axes
  1025 | D:1      | Reached XP level 3. HP: 23/23 MP: 3/3
  1282 | D:2      | Found a radiant altar of Vehumet.
  1303 | D:2      | Reached XP level 4. HP: 18/28 MP: 4/4
  1309 | D:2      | Reached skill level 4 in Axes
  2232 | D:3      | Reached XP level 5. HP: 32/32 MP: 5/5
  2332 | D:3      | Found a stormy altar of Qazlal.
  2334 | D:3      | Reached skill level 5 in Axes
  2415 | D:3      | Found a hide-covered altar of Uskayaw.
  2419 | D:3      | Became a worshipper of Qazlal Stormbringer
  2917 | D:4      | Reached XP level 6. HP: 7/37 MP: 6/6
  2919 | D:4      | HP: 1/37 [orc priest/nerve-wracking pain (7)]
  2921 | D:4      | Slain by an orc priest

Skill      XL: |  1  2  3  4  5 |
---------------+----------------+-----
Axes           | 2 3 4 5 |  5.6
Fighting       | |  3.2
Armour         | |  3.2
Shields        | |  3.2

Action                   |  1- 3 |  4- 6 || total
-------------------------+-------+-------++-------
Melee: War axe           |   118 |   132 ||   250
  Use: Scroll            |       |     3 ||     3
  Eat: Chunk             |     1 |     6 ||     7
Armor: Scale mail        |    72 |    64 ||   136
Dodge: Dodged            |    42 |    46 ||    88
Block: Shield            |    72 |    85 ||   157
